 Dungeon Crawl Stone Soup version 0.22.1-2-g9c5b331 (webtiles) character file.

1378 NonStable the Covert (level 8, -5/40 HPs)
             Began as a Spriggan Assassin on Nov 13, 2018.
             Was a Believer of Okawaru.
             Slain by a gnoll
             ... wielding a +0 club
              (8 damage)
             ... on level 6 of the Dungeon.
             The game lasted 00:32:23 (8403 turns).

NonStable the Covert (Spriggan Assassin)            Turns: 8403, Time: 00:32:25

Health: -5/40      AC: -2    Str: 14    XL:     8   Next: 39%
Magic:  7/9        EV: 26    Int: 12    God:    Okawaru [**....]
Gold:   182        SH:  0    Dex: 19    Spells: 7/7 levels left

rFire    . . .     SeeInvis +   a - +2 dagger (pierce)
rCold    . . .     Gourm    .   (shield restricted)
rNeg     . . .     Faith    +   c - +0 robe
rPois    .         Spirit   .   x - +2 hat
rElec    .         Reflect  .   d - +0 cloak
rCorr    .         Harm     .   (gloves unavailable)
MR       +....                  (boots unavailable)
Stlth    +++++++...             j - amulet of faith
HPRegen  0.13/turn              w - +6 ring of strength
MPRegen  0.11/turn              (no ring)

@: heroism, corroded, very quick
A: very small, unfitting armour, see invisible, herbivore, speed 3, slow
metabolism 2
a: Heroism, Renounce Religion


You were on level 6 of the Dungeon.
You worshipped Okawaru.
Okawaru was pleased with you.
You were not hungry.

You visited 2 branches of the dungeon, and saw 7 of its levels.

You collected 382 gold pieces.
You spent 200 gold pieces at shops.

Inventory:

Hand Weapons
 a - a +2 dagger of piercing (weapon)
 b - a +0 blowgun
Missiles
 e - 19 poisoned needles
 f - 2 curare-tipped needles
Armour
 c - a +0 robe (worn)
 d - a +0 cloak (worn)
 o - a +0 troll leather armour
 x - a +2 hat (worn)
Jewellery
 j - an amulet of faith (around neck)
 w - a +6 ring of strength (left hand)
Wands
 v - a wand of scattershot (6)
Scrolls
 i - 3 scrolls of magic mapping
 n - a scroll of fog
 p - a scroll of teleportation
 q - a scroll of enchant weapon {unknown}
 y - a scroll of fear {unknown}
 z - a scroll of random uselessness {unknown}
Potions
 h - 2 potions of magic
 k - a potion of berserk rage
 m - a potion of agility {unknown}
 r - a potion of might {unknown}
 s - a potion of heal wounds {unknown}
 t - a potion of brilliance {unknown}
 u - a potion of flight {unknown}
 A - a potion of haste {unknown}
Comestibles
 g - 10 rations


   Skills:
 * Level 3.4(8.4) Fighting
 + Level 5.4(10.4) Short Blades
 + Level 4.9(9.9) Throwing
 + Level 4.7(9.7) Dodging
 + Level 11.2(16.2) Stealth


You had 7 spell levels left.
You didn't know any spells.
Your spell library was empty.

Dungeon Overview and Level Annotations

Branches:
Dungeon (6/15)             Temple (1/1) D:4

Altars:
Elyvilon
Hepliaklqana
Kikubaaqudgha
Okawaru
Qazlal
Ru
Sif Muna
Trog
Wu Jian
Zin

Shops:
D:4 ?


Innate Abilities, Weirdness & Mutations

You are very small and have problems with some larger weapons.
You are too small for most types of armour.
You have supernaturally acute eyesight. (SInv)
You are a herbivore.
You cover ground extremely quickly.
You need to consume almost no food.


Message History

You gain the combat prowess of a mighty hero.
The jelly quivers.
You hit the jelly.
Your hands burn!
The jelly is lightly wounded.
The jelly misses you.
You hit the jelly.
Your hands burn!
The jelly is moderately wounded.
You hit the jelly.
Your hands burn!
The jelly is heavily wounded.
The jelly completely misses you.
You hit the jelly.
Your hands burn!
The jelly is severely wounded.
You hit the jelly but do no damage. The acid corrodes you!
Your hands burn!
The jelly is severely wounded.
The jelly hits you.
* * * LOW HITPOINT WARNING * * *
The acid corrodes you!
You are splashed with acid!
The acid burns!
* * * LOW HITPOINT WARNING * * *
The gnoll hits you with a club!
You die...

#........#### #....#
###.))........##############....#
..'.<.........'..........>......+
###...........##############....#
#...........# #....#
#...........# ######
#...........# #
####+############################
...............J@gg.gg.).(g((..(.
.#########.######################
.# #...# #.########........#### #
.# #.#.###...(...(.........'.J# #
.# #.#.)....#######........##.# #
.# #.#####.## #............##.# #
## #.......# #............##.#
######### #.....(......##J###
###############.s.J


You could see a jelly and 4 gnolls.

Vanquished Creatures
  An orc warrior (D:6)
  A phantom (D:4)
  3 ogres
  A centaur (D:6)
  A gnoll sergeant (D:6)
  2 scorpions (D:6)
  A howler monkey (D:5)
  An orc wizard (D:5)
  A jelly (D:5)
  A centaur skeleton (D:5)
  3 hounds
  An iguana (D:4)
  3 orc priests
  4 worker ants
  3 hound zombies (D:5)
  5 adders
  4 gnolls (D:5)
  2 oozes
  3 adder skeletons (D:4)
  3 worms (D:2)
  A dart slug (D:1)
  4 leopard geckos
  22 orcs
  2 giant cockroaches
  13 hobgoblins
  8 jackals
  3 quokkas
  A ball python (D:1)
  3 bats
  7 frilled lizards
  8 goblins
  A jackal skeleton (D:5)
  11 kobolds
  A quokka skeleton (D:4)
  4 rats
133 creatures vanquished.

Notes
Turn   | Place    | Note
-------+----------+-------------------------------------------
     0 | D:1      | NonStable the Spriggan Assassin began the quest for the
                  | Orb.
     0 | D:1      | Reached XP level 1. HP: 10/10 MP: 2/2
    31 | D:1      | Reached skill level 6 in Stealth
    89 | D:1      | Reached XP level 2. HP: 13/14 MP: 3/3
   651 | D:1      | Reached skill level 7 in Stealth
   691 | D:1      | Reached XP level 3. HP: 16/18 MP: 4/4
  1000 | D:2      | Found a glowing silver altar of Zin.
  1000 | D:2      | Found a stormy altar of Qazlal.
  1002 | D:2      | Found a white marble altar of Elyvilon.
  1005 | D:2      | Found a hazy altar of Hepliaklqana.
  1007 | D:2      | Found an ancient bone altar of Kikubaaqudgha.
  1007 | D:2      | Found a bloodstained altar of Trog.
  1008 | D:2      | Found a sacrificial altar of Ru.
  2220 | D:3      | Reached XP level 4. HP: 22/23 MP: 5/5
  3409 | D:3      | Reached XP level 5. HP: 9/26 MP: 6/6
  3942 | D:3      | Found a deep blue altar of Sif Muna.
  3953 | D:3      | Found an ornate altar of the Wu Jian Council.
  4000 | D:3      | Reached skill level 8 in Stealth
  4454 | D:4      | Noticed an ogre
  4459 | D:4      | Found Hic Ysyokhle's Magic Scroll Boutique.
  4467 | D:4      | Bought a scroll of brand weapon for 200 gold pieces
  4581 | D:4      | Reached XP level 6. HP: 31/31 MP: 7/7
  4935 | D:4      | Reached skill level 9 in Stealth
  5179 | D:4      | Found a staircase to the Ecumenical Temple.
  5181 | D:4      | Found a faded altar of an unknown god.
  5189 | Temple   | Entered the Ecumenical Temple
  5197 | Temple   | Became a worshipper of Warmaster Okawaru
  5326 | D:5      | Entered Level 5 of the Dungeon
  5338 | D:5      | Reached XP level 7. HP: 35/35 MP: 8/8
  6184 | D:5      | Reached * piety under Okawaru
  6189 | D:5      | Reached skill level 10 in Stealth
  6498 | D:6      | Reached XP level 8. HP: 39/40 MP: 9/9
  6532 | D:6      | Reached skill level 5 in Short Blades
  7428 | D:6      | Reached skill level 11 in Stealth
  8016 | D:6      | Reached ** piety under Okawaru
  8403 | D:6      | Slain by a gnoll

Skill      XL: |  1  2  3  4  5  6  7  8 |
---------------+-------------------------+-----
Stealth        | 6 7 8 9 10 11 | 11.2
Dodging        | 2 3 4 |  4.7
Fighting       | 2 3 |  3.4
Short Blades   | 3 4 5 |  5.4
Throwing       | 3 4 |  4.9

Action                   |  1- 3 |  4- 6 |  7- 9 || total
-------------------------+-------+-------+-------++-------
Melee: Dagger            |   167 |   177 |   196 ||   540
 Fire: Blowgun           |    33 |    53 |    18 ||   104
Invok: Heroism           |       |       |     1 ||     1
  Use: Scroll            |     5 |     3 |     3 ||    11
       Potion            |     1 |       |     3 ||     4
 Stab: Sleeping          |    19 |    15 |    13 ||    47
       Distracted        |     2 |       |     2 ||     4
  Eat: Ration            |       |     1 |     2 ||     3
Armor: Robe              |     6 |    14 |    19 ||    39
Dodge: Dodged            |    80 |   128 |   128 ||   336
